 Dungeon Crawl Stone Soup version 0.18-a0-1655-ge2d8d33 (webtiles) character file.

475 Magnus the Sneak (level 6, -7/41 HPs)
             Began as a Vampire Enchanter on Mar 30, 2016.
             Killed by nerve-wracking pain
             ... invoked by Grinder
              (8 damage)
             ... on level 5 of the Dungeon.
             The game lasted 00:13:52 (4343 turns).

Magnus the Sneak (Vampire Enchanter)                Turns: 4343, Time: 00:13:52

Health: -7/41      AC:  4    Str:  7    XL:     6   Next: 84%
Magic:  2/9        EV: 12    Int: 19    God:
Gold:   159        SH:  0    Dex: 15    Spells: 3 memorised, 3 levels left

rFire  . . .     SeeInvis +     a - +1 dagger
rCold  + . .     Gourm    .     b - +1 robe
rNeg   + + .     Faith    .     (no shield)
rPois  +         Spirit   .     (no helmet)
rElec  .         Dismiss  .     n - +0 cloak {+Inv}
rCorr  .         Reflect  .     (no gloves)
SustAt .         Harm     .     (no boots)
MR     .....                    (no amulet)
Stlth  ++++......               (no ring)
                                (no ring)

@: regenerating slowly, not resistant to hostile enchantments, stealthy
A: fangs 3, see invisible, unbreathing
a: Bat Form, Evoke Invisibility


You were on level 5 of the Dungeon.
You were very thirsty.

You visited 1 branch of the dungeon, and saw 5 of its levels.

You collected 159 gold pieces.

Inventory:

Hand Weapons
 a - a +1 dagger (weapon)
Armour
 b - a +1 robe (worn)
 n - a +0 cloak of invisibility (worn)
Jewellery
 y - a +1 ring of slaying {unknown}
Wands
 p - a wand of flame (26/48)
 u - a wand of flame (24/48)
 w - a wand of paralysis (6/24)
 x - a wand of disintegration (6/24)
Scrolls
 e - a scroll of teleportation {unknown}
 f - 5 scrolls of identify {unknown}
 i - 3 scrolls of remove curse {unknown}
 l - a scroll of enchant weapon {unknown}
 m - 2 scrolls of random uselessness {unknown}
 s - 3 scrolls of immolation {unknown}
 v - a scroll of blinking {unknown}
Potions
 d - 8 potions of blood
 h - a potion of ambrosia {unknown}
 j - a potion of invisibility {unknown}
 k - a potion of brilliance {unknown}
 o - a potion of curing {unknown}
 q - 2 potions of might {unknown}
 r - a potion of agility {unknown}
 t - a potion of resistance {unknown}
 z - a potion of cancellation {unknown}
Books
 c - a book of Maledictions

   Spells                             Type                      Level
   a - Corona                         Hexes                        1
   b - Ensorcelled Hibernation        Hexes/Ice                    2
   c - Confuse                        Hexes                        3
   d - Tukima's Dance                 Hexes                        3
   e - Dazzling Spray                 Conjuration/Hexes            3
 g - a book of Power

   Spells                             Type                      Level
   a - Fulminant Prism                Conjuration/Hexes            4
   b - Iskenderun's Mystic Blast      Conjuration                  4
   c - Venom Bolt                     Conjuration/Poison           5
   d - Bolt of Magma                  Conjuration/Fire/Earth       5
   e - Iron Shot                      Conjuration/Earth            6
   f - Orb of Destruction             Conjuration                  7
   g - Spellforged Servitor           Conjuration/Summoning        7


   Skills:
 + Level 4.7 Short Blades
 - Level 2.1 Dodging
 + Level 7.9 Stealth
 - Level 2.0 Spellcasting
 + Level 7.1 Hexes


You had 3 spell levels left.
You knew the following spells:

 Your Spells              Type           Power        Failure   Level  Hunger
a - Corona                Hex            ####...      1%          1    #......
b - Ensorcelled Hibernat  Hex/Ice        ###...       8%          2    ###....
c - Confuse               Hex            ####....     2%          3    ###....


Dungeon Overview and Level Annotations

Branches:
Dungeon (5/15)
 Temple: D:4-7

Altars:
Makhleb
Qazlal

Annotations:
D:5 Grinder


Innate Abilities, Weirdness & Mutations

You heal slowly.
You have razor-sharp teeth.
You have supernaturally acute eyesight.
You can survive without breathing.


Message History

Grinder is lightly wounded.
Grinder hits you.
You hit Grinder.
Grinder is lightly wounded.
Grinder gestures at you. Pain shoots through your body!
* * * LOW HITPOINT WARNING * * *
You closely miss Grinder.
Grinder is lightly wounded.
You hit Grinder but do no damage.
Grinder is lightly wounded.
Grinder hits you!
* * * LOW HITPOINT WARNING * * *
You closely miss Grinder.
Grinder is lightly wounded.
Grinder hits you.
* * * LOW HITPOINT WARNING * * *
Grinder gestures at you. Pain shoots through your body!
You die...

#....#....# . #.#######.#
. #.# #.# #.# #.# #.# #.#
#.# ### #.#
################# #.####
#...............#
..#..####.....5.@.......#
####.#..................#
###......#############..
#........# #.#
##.#......# #)#
....#####.# #.#
....#.....# #.#
[...#.###.# #.# ....#
#.>.# #.#


You could see Grinder.

Vanquished Creatures
  An ogre (D:4)
  A scorpion (D:4)
  A crimson imp (D:5)
  Crazy Yiuf (D:2)
  A giant frog skeleton (D:4)
  A worker ant (D:4)
  2 orc wizards (D:4)
  7 adders
  5 worms
  A dart slug (D:2)
  2 giant geckos
  7 orcs
  11 bats
  5 giant cockroaches
  12 goblins
  7 hobgoblins
  8 kobolds
  2 quokkas
  3 ball pythons (D:2)
  A ball python skeleton (D:4)
  7 giant newts
  A quokka skeleton (D:5)
  12 rats
99 creatures vanquished.

Vanquished Creatures (others)
  An adder (D:3)
1 creature vanquished.

Grand Total: 100 creatures vanquished

Notes
Turn   | Place    | Note
--------------------------------------------------------------
     0 | D:1      | Magnus the Vampire Enchanter began the quest for the Orb.
     0 | D:1      | Reached XP level 1. HP: 13/13 MP: 3/3
   321 | D:1      | Reached XP level 2. HP: 18/19 MP: 5/5
   325 | D:1      | Learned a level 2 spell: Ensorcelled Hibernation
   618 | D:1      | Reached skill level 5 in Stealth
   727 | D:1      | Reached XP level 3. HP: 21/24 MP: 4/6
   787 | D:1      | Reached skill level 5 in Hexes
  1374 | D:2      | Found a faded altar to an unknown god.
  1400 | D:2      | Reached XP level 4. HP: 28/30 MP: 7/7
  1405 | D:2      | Learned a level 3 spell: Confuse
  1967 | D:2      | Noticed Crazy Yiuf
  1973 | D:2      | Killed Crazy Yiuf
  2084 | D:3      | Reached XP level 5. HP: 13/35 MP: 8/8
  2786 | D:3      | Found a stormy altar of Qazlal.
  2904 | D:3      | Found a burning altar of Makhleb.
  2906 | D:3      | Noticed an Executioner
  3610 | D:4      | Reached XP level 6. HP: 41/41 MP: 9/9
  3825 | D:5      | Entered Level 5 of the Dungeon
  4267 | D:5      | Noticed Grinder
  4341 | D:5      | HP: 1/41 [Grinder (4)]
  4343 | D:5      | Killed from afar by Grinder

Vault maps used:
D:1:      dpeg_arrival_court, minmay_tree_intersection, lemuel_flame_loot_1
D:2:      ecumenical_altar_1, minmay_shallow_snake_nest, uniq_crazy_yiuf_cottage
D:3:      grunt_qazlal_clouds, makhleb_altar_promises_db
D:4:      first_bread
D:5:      kennysheep_little_box, serial_co_window_serial, co_window_corner_a,
          co_window_corner_a, co_window_of_opportunity_a,
          co_window_of_opportunity_a, co_window_of_opportunity_a,
          co_window_corner_a, co_window_broadway_c, co_window_broadway_a,
          co_window_2corner, co_window_corner_b, co_window_corner_b,
          co_window_corner_b, co_window_corner_b, glass_columns_b, uniq_grinder

Skill      XL: |  1  2  3  4  5  6 |
---------------+-------------------+-----
Short Blades   | 2 3 4 |  4.7
Stealth        | 5 6 7 |  7.9
Hexes          | 5 6 7 |  7.1
Dodging        | |  2.1
Spellcasting   | |  2.0

Action                   |  1- 3 |  4- 6 || total
-------------------------+-------+-------++-------
Melee: Dagger            |   103 |   172 ||   275
 Cast: Ensorcelled Hiber |     3 |    21 ||    24
       Confuse           |       |     6 ||     6
  Use: Potion            |       |     3 ||     3
 Stab: Sleeping          |    18 |    31 ||    49
       Distracted        |     1 |     1 ||     2
       Confused          |       |     1 ||     1
